 Dungeon Crawl Stone Soup version 0.21.1-1-g345015fe64 (webtiles) character file.

3376 Naru the Cleaver (level 9, -11/81 HPs)
             Began as a Black Draconian Berserker on June 8, 2018.
             Was a Priest of Trog.
             Mangled by a chaos spawn (15 damage)
             ... on level 7 of the Dungeon.
             The game lasted 00:25:44 (9512 turns).

Naru the Cleaver (Black Draconian Berserker)        Turns: 9512, Time: 00:25:44

Health: -11/81     AC: 10    Str: 22      XL:     9   Next: 74%
Magic:  9/9        EV: 14    Int:  7      God:    Trog [***...]
Gold:   463        SH:  4    Dex: 11 (12) Spells: 8/8 levels left

rFire    . . .     SeeInvis .   s - +0 war axe
rCold    + . .     Gourm    .   u - +0 buckler
rNeg     . . .     Faith    .   (armour unavailable)
rPois    .         Spirit   .   (helmet restricted)
rElec    +         Reflect  .   e - +0 cloak
rCorr    .         Harm     .   q - +1 pair of gloves
MR       ++...                  (no boots)
Stlth    +.........             (no amulet)
HPRegen  1.23/turn              c - ring of flight
MPRegen  0.11/turn              i - ring of protection from cold

@: lethally poisoned (-11 -> -11), very slightly contaminated, regenerating,
invisible
A: breathe lightning, unfitting armour, electricity resistance, cold-blooded, AC
+7
a: Breathe Lightning, Berserk, Trog's Hand, Burn Spellbooks, Renounce Religion,
Evoke Flight


You were on level 7 of the Dungeon.
You worshipped Trog.
Trog was most pleased with you.
You were not hungry.

You visited 1 branch of the dungeon, and saw 8 of its levels.

You collected 463 gold pieces.

Inventory:

Hand Weapons
 a - a +1 hand axe
 s - a +0 war axe (weapon)
Missiles
 p - 3 tomahawks (quivered)
Armour
 e - a +0 cloak (worn)
 n - a +0 helmet
 q - a +1 pair of gloves (worn)
 u - a +0 buckler (worn)
Jewellery
 c - a ring of flight (left hand)
 i - a ring of protection from cold (right hand)
 w - a +2 ring of strength {unknown}
 y - an uncursed amulet of rage {unknown}
 A - an uncursed ring of poison resistance {unknown}
Wands
 m - a wand of polymorph (8)
Scrolls
 g - 2 scrolls of remove curse
 o - 2 scrolls of teleportation
 x - a scroll of identify
 D - a scroll of fear
Potions
 d - 2 potions of agility
 f - 3 potions of magic
 h - a potion of resistance {unknown}
 j - a potion of cancellation {unknown}
 k - 3 potions of brilliance {unknown}
 l - 2 potions of degeneration {unknown}
 v - a potion of lignification {unknown}
 z - a potion of berserk rage {unknown}
 C - 2 potions of curing
 E - a potion of ambrosia {unknown}
Comestibles
 b - 6 rations


   Skills:
 * Level 8.0 Fighting
 * Level 10.4 Axes
 + Level 5.8 Dodging
 * Level 3.8 Shields


You had 8 spell levels left.
You didn't know any spells.

Dungeon Overview and Level Annotations

Branches:
Dungeon (8/15)             Temple (0/1) D:6
   Lair: D:8-11

Altars:
Dithmenos
Elyvilon
Fedhas
Hepliaklqana
Okawaru
Uskayaw
Vehumet
Yredelemnul
Zin
The Shining One

Shops:
D:6 *

Annotations:
D:3 P0WERM0DE's ghost, weakling GnNe


Innate Abilities, Weirdness & Mutations

You can breathe wild blasts of lightning.
Your glossy black scales are hard. (AC +7)
You cannot fit into any form of body armour.
You are resistant to electric shocks. (rElec)
You are cold-blooded and may be slowed by cold attacks.


Message History

Unknown command.
Your skin crawls.
You feel resistant to hostile enchantments.
You feel quite a bit more hungry.
You feel sick. You block the chaos spawn's attack.
You hit the chaos spawn.
The chaos spawn is moderately wounded.
You hit the chaos spawn but do no damage.
The chaos spawn is moderately wounded.
You feel sick. The chaos spawn misses you.
You closely miss the chaos spawn.
You tail-slap the chaos spawn, but do no damage.
The chaos spawn is moderately wounded.
The chaos spawn completely misses you.
You closely miss the chaos spawn.
Your tail-slap misses the chaos spawn.
The chaos spawn is moderately wounded.
You feel sick. The chaos spawn gores you.
* * * LOW HITPOINT WARNING * * *
Space warps horribly around you!
You die...

#.#.....## #....[..#.#
#........## #.......#.#
#.........####.......#.#
+.........'............#
#.........####.......###
#........## ##.##>###
..#.....## ####.#
####...## ###.# ##'##
#@4.# # #.# #.### # #.#
#.# # ##.## #.# #
##...## #.# # #.....#
#.# ####...#########.#
.................#
#####.############


You could see a chaos spawn.

Vanquished Creatures
  A hornet (D:7)
  A hippogriff (D:8)
  Sigmund (D:4)
  A chaos spawn (D:8)
  Edmund (D:6)
  A water moccasin (D:7)
  An orc warrior (D:7)
  2 sky beasts
  4 ogres
  2 centaurs (D:7)
  Blork the orc (D:6)
  A bullfrog (D:6)
  3 scorpions (D:7)
  4 wights (D:7)
  2 howler monkeys
  2 crimson imps
  A bullfrog zombie (D:7)
  A quasit (D:8)
  4 hounds
  A bullfrog skeleton (D:7)
  3 orc priests (D:7)
  A jelly (D:5)
  2 gnoll shamans
  Jessica (D:3)
  Ijyb (D:3)
  2 iguanas
  6 worker ants
  21 gnolls
  A howler monkey skeleton (D:5)
  18 adders
  4 worms
  4 dart slugs
  3 leopard geckos
  14 orcs
  6 giant cockroaches
  6 goblins
  4 hobgoblins
  7 jackals
  3 quokkas
  A ball python (D:5)
  A ball python skeleton (D:2)
  6 bats
  8 frilled lizards
  4 kobolds
  A leopard gecko skeleton (D:5)
  A quokka skeleton (D:5)
  4 rats (D:2)
168 creatures vanquished.

Notes
Turn   | Place    | Note
-------+----------+-------------------------------------------
     0 | D:1      | Naru the Draconian Berserker began the quest for the Orb.
     0 | D:1      | Reached XP level 1. HP: 19/19 MP: 1/1
   145 | D:1      | Reached XP level 2. HP: 22/26 MP: 2/2
   367 | D:1      | Found an iron altar of Okawaru.
   897 | D:2      | Reached XP level 3. HP: 33/33 MP: 3/3
  1357 | D:2      | Reached XP level 4. HP: 34/40 MP: 4/4
  1593 | D:2      | Reached ** piety under Trog
  2170 | D:2      | Reached skill level 4 in Axes
  2526 | D:2      | Reached XP level 5. HP: 19/47 MP: 5/5
  3012 | D:3      | Noticed Ijyb
  3086 | D:3      | Killed Ijyb
  3562 | D:3      | Noticed Jessica
  3570 | D:3      | Killed Jessica
  4112 | D:3      | Reached skill level 5 in Axes
  4112 | D:3      | Reached XP level 6. HP: 21/53 MP: 6/6
  4275 | D:3      | Noticed P0WERM0DE's ghost (weakling GnNe)
  4717 | D:4      | Reached skill level 5 in Fighting
  5157 | D:4      | Noticed Sigmund
  5166 | D:4      | Killed Sigmund
  5166 | D:4      | Reached skill level 6 in Axes
  5166 | D:4      | Your scales start taking on a glossy black colour.
  5166 | D:4      | Reached XP level 7. HP: 61/61 MP: 7/7
  5166 | D:4      | Gained mutation: You are resistant to electric shocks. (rElec) [Black Draconian growth]
  5529 | D:5      | Entered Level 5 of the Dungeon
  5811 | D:5      | Reached skill level 1 in Shields
  5849 | D:5      | Reached skill level 7 in Axes
  5980 | D:5      | Reached XP level 8. HP: 70/70 MP: 8/8
  6458 | D:6      | Noticed Blork the orc
  6469 | D:6      | Killed Blork the orc
  6637 | D:6      | Found a staircase to the Ecumenical Temple.
  6669 | D:6      | Noticed Edmund
  6693 | D:6      | Killed Edmund
  6693 | D:6      | Reached skill level 8 in Axes
  6864 | D:6      | Reached skill level 5 in Dodging
  7053 | D:6      | Found Ovvacesy's Serpentskin Sales.
  7280 | D:7      | Reached *** piety under Trog
  7846 | D:7      | Reached skill level 9 in Axes
  7868 | D:7      | Reached XP level 9. HP: 79/79 MP: 9/9
  8759 | D:7      | Paralysed by a hornet for 1 turns
  9021 | D:7      | Reached skill level 10 in Axes
  9065 | D:7      | Found a glowing golden altar of the Shining One.
  9152 | D:7      | Found a glowing silver altar of Zin.
  9152 | D:7      | Found a radiant altar of Vehumet.
  9152 | D:7      | Found a hazy altar of Hepliaklqana.
  9153 | D:7      | Found a shadowy altar of Dithmenos.
  9153 | D:7      | Found a blossoming altar of Fedhas.
  9154 | D:7      | Found a hide-covered altar of Uskayaw.
  9154 | D:7      | Found a white marble altar of Elyvilon.
  9155 | D:7      | Found a basalt altar of Yredelemnul.
  9506 | D:7      | HP: 4/81 [poisoned by a chaos spawn]
  9512 | D:7      | HP: 4/81 [chaos spawn (3)]
  9512 | D:7      | Mangled by a chaos spawn

Skill      XL: |  1  2  3  4  5  6  7  8  9 |
---------------+----------------------------+-----
Fighting       | 4 5 6 7 8 |  8.0
Dodging        | 3 4 5 |  5.8
Axes           | 4 5 6 7 9 10 | 10.4
Shields        | 1 2 3 |  3.8

Action                   |  1- 3 |  4- 6 |  7- 9 || total
-------------------------+-------+-------+-------++-------
Melee: Hand axe          |    92 |   210 |       ||   302
       Tailslap          |    10 |    31 |    47 ||    88
       Unarmed           |       |    23 |       ||    23
       War axe           |       |    23 |   390 ||   413
Invok: Trog's Hand       |       |     4 |     9 ||    13
       Berserk           |       |     2 |     4 ||     6
 Abil: Breathe Lightning |       |       |    13 ||    13
  Use: Scroll            |     4 |     7 |     5 ||    16
       Potion            |     1 |       |     3 ||     4
  Eat: Chunk             |     1 |       |     2 ||     3
       Ration            |       |     5 |     6 ||    11
Armor: Skin              |    52 |    71 |   137 ||   260
Dodge: Dodged            |   139 |   230 |   304 ||   673
Block: Buckler           |       |       |    82 ||    82
